Map: Orbital Shipyard

Players

PsiOniC

  • Race: Protoss Protoss
  • League: Master

Miszu - Winner!

  • Race: Terran Terran
  • League: Master

VOD

Have the link to the VOD?

Description

Time

  • Played on: March 13, 2016, 9:52 a.m.
  • Length: 9:27
Show
View Real Time Build Order
Export as new Build Order

PsiOniC Protoss 

Build Orders: 1 Gate Expand, Blink Stalkers 

Get SALT Encoding   

  12  0:01  Probe (Chrono Boost)  
  13  0:11  Probe (Chrono Boost)  
  14  0:17  Pylon  
  14  0:22  Probe (Chrono Boost)  
  16  0:35  Probe (Chrono Boost)  
  16  0:38  Gateway  
  16  0:46  Probe (Chrono Boost)  
  17  0:53  Assimilator  
  17  1:13  Nexus  
  17  1:17  Probe (Chrono Boost)  
  18  1:28  Cybernetics Core  
  18  1:31  Probe (Chrono Boost)  
  19  1:40  Pylon  
  19  1:42  Probe (Chrono Boost)  
  20  1:53  Probe (Chrono Boost)  
  21  1:56  Assimilator  
  21  2:03  Probe (Chrono Boost)  
  22  2:14  Probe (Chrono Boost)  
  23  2:19  Twilight Council  
  23  2:20  Stalker  
  25  2:24  Probe (Chrono Boost)  
  25  2:25  Probe (Chrono Boost)  
  27  2:35  Probe (Chrono Boost)  
  28  2:37  Warp Gate (Chrono Boost)  
  28  2:40  Probe (Chrono Boost)  
  29  2:45  Probe (Chrono Boost)  
  29  2:50  Blink (Chrono Boost), Probe (Chrono Boost)  
  31  2:56  Probe (Chrono Boost)  
  32  2:59  Probe  
  32  3:03  Assimilator  
  33  3:08  Probe  
  33  3:10  Pylon, Probe  
  35  3:21  Mothership Core, Probe  
  38  3:31  Gateway, Probe  
  38  3:32  Gateway  
  39  3:40  Robotics Facility  
  39  3:42  Probe x2  
  41  3:52  Pylon  
  41  3:54  Probe x2  
  43  4:01  Assimilator  
  43  4:02  Pylon  
  43  4:03  Stalker  
  43  4:06  Probe x2  
  47  4:15  Pylon  
  47  4:18  Probe x2  
  49  4:27  Observer (Chrono Boost)  
  49  4:30  Probe  
  51  4:39  Stalker x2  
  51  4:44  Stalker  
  57  4:51  Observer (Chrono Boost), Nexus, Pylon  
  58  4:59  Probe x2  
  60  5:04  Forge, Stalker x2  
  64  5:09  Stalker  
  64  5:10  Observer (Chrono Boost)  
  67  5:24  Pylon  
  68  5:28  Observer (Chrono Boost)  
  68  5:34  Gateway  
  68  5:35  Gateway  
  68  5:46  Immortal (Chrono Boost)  
  68  5:47  Protoss Ground Weapons Level 1 (Chrono Boost)  
  72  5:56  Stalker x2  
  75  5:57  Stalker  
  75  6:04  Photon Cannon  
  77  6:06  Charge (Chrono Boost), Photon Cannon  
  77  6:27  Probe x2  
  77  6:29  Pylon  
  77  6:31  Adept x3  
  77  6:32  Immortal  
  89  6:36  Pylon x2  
  84  6:56  Stalker x3  
  82  7:13  Immortal  
  84  7:16  Robotics Bay  
  84  7:19  Sentry x2  
  84  7:20  Sentry  
  90  7:23  Probe  
  90  7:24  Probe x2, Photon Cannon  
  90  7:26  Assimilator  
  93  7:33  Assimilator  
  93  7:36  Stalker x2  
  97  7:44  Stalker x3  
  97  7:49  Probe  
  97  7:51  Probe x2  
  106  7:52  Observer  
  101  8:02  Stalker  
  101  8:03  Stalker  
  95  8:12  Adept x3  
  83  8:28  Disruptor (Chrono Boost)  
  83  8:31  Stalker x2  
  83  8:33  Stalker x2  
  83  8:34  Stalker  
  92  8:44  Gateway  
  92  8:48  Gateway  
  92  8:49  Gateway  
  84  8:58  Adept x5  
  78  9:21  Stalker x4  
  78  9:22  Stalker  
Show
View Real Time Build Order
Export as new Build Order

Miszu Terran - Winner!

Build Orders: Command Center First (CC), MMM Bio 

Get SALT Encoding   

  12  0:01  SCV  
  13  0:13  SCV  
  14  0:18  Supply Depot  
  14  0:26  SCV  
  15  0:40  SCV  
  16  0:52  SCV  
  17  0:59  Command Center  
  18  1:04  SCV  
  18  1:16  SCV  
  18  1:17  Barracks  
  19  1:28  SCV  
  19  1:30  Barracks  
  20  1:40  SCV  
  20  1:44  Barracks  
  21  1:52  SCV  
  22  2:05  Marine, Orbital Command  
  22  2:17  Marine  
  22  2:20  Orbital Command  
  23  2:23  Marine  
  24  2:32  SCV  
  24  2:33  Marine  
  24  2:35  Marine  
  27  2:39  Refinery  
  27  2:40  Refinery  
  27  2:42  Marine  
  28  2:44  SCV  
  28  2:45  SCV  
  30  2:55  Marine  
  30  2:56  Supply Depot, SCV  
  30  2:57  Marine  
  33  2:59  Marine  
  33  3:01  SCV  
  35  3:08  SCV  
  36  3:14  Barracks Tech Lab, SCV  
  36  3:16  Marine  
  36  3:18  Marine  
  39  3:20  SCV  
  39  3:21  Supply Depot  
  39  3:26  SCV  
  41  3:32  Marine, SCV  
  41  3:33  Stimpack  
  41  3:34  Marine  
  43  3:36  Marine  
  43  3:38  SCV  
  46  3:44  SCV  
  46  3:46  Supply Depot  
  47  3:50  Marine, SCV  
  47  3:52  Marine  
  47  3:53  Factory  
  50  3:57  SCV  
  50  3:58  Refinery  
  50  3:59  Engineering Bay  
  51  4:03  SCV  
  51  4:04  Marine  
  51  4:08  Marine  
  51  4:09  SCV  
  55  4:12  Supply Depot  
  55  4:15  SCV  
  57  4:21  SCV  
  58  4:26  Barracks Tech Lab  
  58  4:27  Barracks Reactor, SCV  
  58  4:32  Marine, Terran Infantry Weapons Level 1  
  58  4:33  SCV  
  58  4:35  Supply Depot  
  58  4:38  Starport  
  60  4:39  SCV  
  60  4:42  Factory Reactor  
  60  4:45  Marauder, SCV  
  64  4:48  Barracks  
  64  4:50  Barracks  
  66  4:53  Marauder, SCV  
  66  4:56  Refinery  
  66  4:59  Supply Depot  
  67  5:02  SCV  
  67  5:04  Marine x2  
  67  5:05  SCV  
  71  5:07  Combat Shields  
  71  5:12  Marauder  
  73  5:21  Supply Depot  
  73  5:23  Marine x2  
  73  5:24  Marine  
  73  5:25  Medivac  
  73  5:26  Medivac  
  80  5:29  Supply Depot  
  80  5:34  Marauder  
  82  5:38  Marine x2  
  82  5:41  Marine x2  
  86  5:43  Marauder  
  86  5:46  Supply Depot  
  86  5:56  Marine, Marauder, Concussive Shells  
  86  5:57  Marine  
  89  5:58  Medivac  
  89  6:00  Medivac  
  89  6:02  SCV  
  95  6:05  Marauder  
  97  6:17  Marauder  
  97  6:18  Marine  
  96  6:22  Marine  
  96  6:26  Marauder  
  96  6:27  Marine x2  
  98  6:34  Medivac x2  
  98  6:35  Marine  
  98  6:39  Marauder  
  105  6:40  Supply Depot  
  105  6:41  Supply Depot  
  103  6:49  Marauder  
  100  7:01  Marine, Marauder  
  100  7:02  Marine  
  100  7:11  Marine, Medivac x2, Marauder  
  100  7:12  Marine  
  107  7:19  Marine  
  108  7:23  Marauder  
  108  7:24  Liberator  
  106  7:32  Marine x2, Marauder  
  106  7:33  Marine  
  106  7:37  Marine  
  109  7:40  Supply Depot  
  109  7:43  Supply Depot  
  109  7:44  Engineering Bay, Marauder  
  113  7:45  Armory  
  113  7:46  Medivac  
  117  7:53  Marauder  
  108  8:06  Marauder  
  108  8:08  Marine  
  108  8:09  Marine x3  
  103  8:15  Marauder  
  103  8:16  Medivac, Liberator  
  106  8:26  Marine  
  106  8:27  Marine x3, Marauder  
  114  8:36  Marauder  
  116  8:43  SCV  
  116  8:44  Marine x4  
  123  8:48  Marauder  
  122  8:57  Marauder  
  122  9:02  Marine  
Tags
 
Add a new tag
Caveats
  • Supply blocks, unpowered buildings, or Contaminate may cause inaccurate times.
  • Supply counts are checked every 10 seconds.